AoeStats
← TitoLoco107

Golden Pit

508965497Analyzed
1v1 RM · 9d ago on Sep 24, 2026· 32m 41s· 2 players
Game mode
Random Map
Map size
Tiny (2 player)
Population
200
Speed
Normal
Resources
Standard
Victory
Conquest
Starting age
Dark Age
Ending age
Imperial Age
RankedLock teamsTeams togetherTeam positionsShared explorationLock speedFull tech treeHidden civsTurbo modeCheats
Victory
Defeat
🇪🇸 Turks · Spain
322
+11
🇨🇱 Japanese · Chile
206
-11
Krailor
19:13 Feudal Age
TitoLoco107
6:58 Loom
9:53 Feudal Age
11:23 Town Watch
14:51 Wheelbarrow
18:20 Castle Age
18:34 Double-Bit Axe
22:53 Bow Saw
22:30 Horse Collar
25:14 Padded Archer Armor
25:36 Stone Mining
26:32 Leather Archer Armor
26:33 Forging
28:06 Hand Cart
28:06 Heavy Plow
27:59 Gold Mining
33:16 Imperial Age
31:07 Fletching
31:59 Iron Casting
31:26 Scale Mail Armor
31:46 Bloodlines
Connection lost

Rejoining the realm…

Still unreachable

The connection could not be restored.

Session expired

The server has moved on; the page needs a fresh start.